 Dungeon Crawl Stone Soup version 0.23-a0-550-g7de1f8e (webtiles) character file.

25 Lavandula the Cutter (level 3, 0/21 HPs)
             Began as a Halfling Enchanter on Dec 9, 2018.
             Succumbed to an adder's poison
             ... on level 2 of the Dungeon.
             The game lasted 00:01:53 (603 turns).

Lavandula the Cutter (Halfling Enchanter)            Turns: 603, Time: 00:01:54

Health: 0/21       AC:  4    Str:  9    XL:     3   Next: 17%
Magic:  2/5        EV: 20    Int: 14    God:
Gold:   25         SH:  0    Dex: 19    Spells: 2/5 levels left

rFire    . . .     SeeInvis .   a - +1 dagger
rCold    . . .     Gourm    .   (shield restricted)
rNeg     . . .     Faith    .   b - +0 robe
rPois    .         Spirit   .   c - +0 helmet
rElec    .         Reflect  .   (no cloak)
rCorr    .         Harm     .   f - +0 pair of gloves
MR       .....                  (no boots)
Stlth    ++++......             (no amulet)
HPRegen  0.07/turn              (no ring)
MPRegen  0.09/turn              (no ring)

@: agile, lethally poisoned (0 -> -4)
A: small, mutation resistance 1
a: no special abilities


You were on level 2 of the Dungeon.
You were not hungry.

You visited 1 branch of the dungeon, and saw 3 of its levels.

You collected 25 gold pieces.

Inventory:

Hand Weapons
 a - a +1 dagger (weapon)
Armour
 b - a +0 robe (worn)
 c - a +0 helmet (worn)
 f - a +0 pair of gloves (worn)
Comestibles
 d - 2 rations


   Skills:
 - Level 3.5 Short Blades
 - Level 2.1 Dodging
 - Level 3.2 Stealth
 - Level 1.5 Spellcasting
 - Level 2.4 Hexes


You had 2 spell levels left.
You knew the following spells:

 Your Spells              Type           Power        Failure   Level  Hunger
a - Corona                Hex            #......      10%         1    ##.....
b - Ensorcelled Hibernat  Hex/Ice        #.....       22%         2    ###....

Your spell library contained the following spells:

 Spells                   Type           Power        Failure   Level  Hunger
 Confuse                  Hex            #.......     28%         3    ####...
 Tukima's Dance           Hex            #.......     28%         3    ####...
 Dazzling Spray           Conj/Hex       #.....       41%         3    ####...


Dungeon Overview and Level Annotations

Branches:
Dungeon (3/15)

Altars:
Gozag

Annotations:
D:2 Sigmund


Innate Abilities, Weirdness & Mutations

You are small and have problems with some larger weapons.
You are somewhat resistant to further mutation.


Message History

* * * LOW HITPOINT WARNING * * *
You feel sick.
There is a stone staircase leading down here.
There is a lethal amount of poison in your body!
* * * LOW HITPOINT WARNING * * *
You feel sick.
* * * LOW HITPOINT WARNING * * *
You feel sick.
* * * LOW HITPOINT WARNING * * *
You feel sick.
Your magical contamination has completely faded away.
* * * LOW HITPOINT WARNING * * *
You feel sick.
Found 11 gold pieces.
You aren't carrying any scrolls.
Unknown command.
You aren't carrying any potions.
Unknown command.
You see here 11 gold pieces.
You die...

.......#.#
#####.##.# #.##.#
#.##.# #.##.#
#.##.# #†##.#
#########
#####.##.#
#........
......##.# #@#
###...##.# #$#
#.#....# #.#
#..>##########.#
#..............#
#.....###########
#...... #.....##
##...##


There were no monsters in sight!

Vanquished Creatures
  An adder (D:3)
  A dart slug (D:2)
  2 leopard geckos
  2 giant cockroaches
  A goblin (D:3)
  2 hobgoblins (D:3)
  A quokka (D:2)
  A bat (D:2)
11 creatures vanquished.

Notes
Turn   | Place    | Note
-------+----------+-------------------------------------------
     0 | D:1      | Lavandula the Halfling Enchanter began the quest for the
                  | Orb.
     0 | D:1      | Reached XP level 1. HP: 11/11 MP: 3/3
   147 | D:2      | Found an opulent altar of Gozag.
   170 | D:2      | Noticed Sigmund
   252 | D:2      | Reached XP level 2. HP: 7/17 MP: 4/4
   569 | D:3      | Learned a level 2 spell: Ensorcelled Hibernation
   585 | D:3      | Reached XP level 3. HP: 8/21 MP: 1/5
   596 | D:2      | HP: 1/21 [poisoned by an adder]
   603 | D:2      | Succumbed to an adder's poison

Vault maps used:
D:1:      kilobyte_arrival_exit_the_forest
D:2:      lemuel_doored_altar, chequers_hall_statues_wall_a, uniq_sigmund,
          uniq_robin, uniq_jessica
D:3:      lemuel_round_altar, lemuel_altar_in_water2

Skill      XL: |  1  2 |
---------------+-------+-----
Short Blades   | 2 3 |  3.5
Dodging        | |  2.1
Stealth        | |  3.2
Spellcasting   | |  1.5
Hexes          | |  2.4

Action                   || total
-------------------------++-------
Melee: Dagger            ||    42
 Cast: Corona            ||     5
       Ensorcelled Hiber ||     1
  Use: Potion            ||     1
 Stab: Sleeping          ||     2
Armor: Robe              ||     2
Dodge: Dodged            ||    28

Table legend:
 A = Non-vault XP
 B = Vault XP
 C = Vault XP percentage of total XP
 D = Non-vault monster count
 E = Vault monster count
 F = Vault count percentage of total count
                 A         B        C        D         E       F
            +---------+---------+-------+---------+---------+-------
      Total |      36 |       0 |   0.0 |      11 |       0 |   0.0
            +---------+---------+-------+---------+---------+-------
        D:1 |       5 |       0 |   0.0 |       2 |       0 |   0.0
        D:2 |      12 |       0 |   0.0 |       5 |       0 |   0.0
        D:3 |      19 |       0 |   0.0 |       4 |       0 |   0.0
            +---------+---------+-------+---------+---------+-------
